 Dungeon Crawl Stone Soup version 0.16.0-17-g811c1d7 (webtiles) character file.

660 Fluffy the Slasher (level 7, -1/50 HPs)
             Began as a Demonspawn Gladiator on Mar 21, 2015.
             Slain by an orc warrior
             ... wielding a +0 glaive
              (13 damage)
             ... on level 4 of the Dungeon.
             The game lasted 00:08:17 (4973 turns).

Fluffy the Slasher (Demonspawn Gladiator)           Turns: 4973, Time: 00:08:17

Health: -1/50      AC: 11    Str: 22    XL:     7   Next: 30%
Magic:  7/7        EV: 12    Int: 10    God:
Gold:   200        SH:  0    Dex: 13    Spells: 0 memorised, 6 levels left

rFire  . . .     SeeInvis .     a - +0 long sword
rCold  + . .     Clarity  .     n - +0 ring mail
rNeg   . . .     SustAb   .     (no shield)
rPois  .         Gourm    .     (helmet restricted)
rElec  .         Spirit   .     u - +2 cloak
rCorr  .         Warding  .     l - +0 pair of gloves
rMut   .         Stasis   .     (no boots)
MR     .....                    (no amulet)
Stlth  +.........               (no ring)
                                (no ring)

@: mighty, very slightly contaminated, hasted, very quick, not resistant to
hostile enchantments, very unstealthy
A: antennae 2, thin metallic scales 1, cold resistance 1
a: no special abilities


You were on level 4 of the Dungeon.
You were hungry.

You visited 1 branch of the dungeon, and saw 5 of its levels.

You collected 200 gold pieces.

Inventory:

Hand weapons
 a - a +0 long sword (weapon)
 c - a +0 vampiric short sword
Missiles
 d - 3 throwing nets (quivered)
Armour
 l - a +0 pair of gloves (worn)
 n - a +0 ring mail (worn)
 u - a +2 cloak (worn)
Magical devices
 y - a wand of magic darts (13)
 C - a wand of paralysis (7)
Scrolls
 b - 3 scrolls of teleportation {unknown}
 q - a scroll of fear
 t - 2 scrolls of remove curse {unknown}
Potions
 g - a potion of might
 i - a potion of flight
 o - 2 potions of brilliance
 p - a potion of magic
 r - a potion of haste
 s - a potion of cancellation
 v - a potion of restore abilities {unknown}
 w - 2 potions of ambrosia {unknown}
 z - a potion of agility {unknown}
 A - a potion of mutation {unknown}
Comestibles
 f - 4 bread rations
 h - 3 meat rations
 m - 5 fruits
 x - a slice of pizza
 E - a beef jerky


   Skills:
 - Level 2.0 Fighting
 + Level 7.8 Long Blades
 - Level 1.7 Throwing
 - Level 2.6 Dodging


You had 6 spell levels left.
You didn't know any spells.

Dungeon Overview and Level Annotations

Branches:
Dungeon (5/15)
 Temple: D:4-7

Altars:


Innate Abilities, Weirdness & Mutations

You have a pair of antennae on your head.
You are partially covered in thin metallic scales (AC +2).
Your flesh is cold resistant.


Message History

* * * LOW HITPOINT WARNING * * *
Drink which item? (? for menu, Esc to quit)
You feel much better. The kobold barely misses you.
The orc warrior barely misses you.
Drink which item? (? for menu, Esc to quit)
Okay, then.
You hit the orc warrior but do no damage.
The kobold hits you but does no damage.
You hit the orc warrior but do no damage.
The kobold closely misses you. The orc warrior barely misses you.
You closely miss the orc warrior. The kobold hits you but does no damage.
The orc warrior hits you with a glaive!
* * * LOW HITPOINT WARNING * * *
Drink which item? (? for menu, Esc to quit)
You feel yourself speed up. The kobold barely misses you.
You are very lightly contaminated with residual magic.
Drink which item? (? for menu, Esc to quit)
You feel very mighty all of a sudden. The orc warrior hits you with a glaive!
You die...

##.### #.####..#
####.# #.# #..#
...#.######.# #..#
...#..<.....# #..###
...#.######## #....#
...#.# #..#.#
...###### ##....#
........# #....##
.#......### #.@K.#
........'.# #o##.#
.#......#.# #.##.#
........#.# #.##.#
...######.# #.##.#
...##.###.#####.##.#
...##.#..#.........#
...##.#.#.#####(####
...#...†........#


You could see an orc warrior and a kobold.

Vanquished Creatures
  2 ogres
  A scorpion (D:4)
  An orc priest (D:4)
  Crazy Yiuf (D:2)
  2 hounds (D:4)
  Natasha (thrice) (D:3)
  5 worker ants
  Ijyb (D:3)
  8 adders
  A worm (D:2)
  2 oozes
  7 orcs
  A ball python (D:3)
  2 giant cockroaches
  12 goblins
  3 hobgoblins
  7 jackals
  8 kobolds
  6 bats
  A giant gecko (D:4)
  A giant gecko zombie (D:5)
  3 giant newts
  A quokka (D:1)
  10 rats
89 creatures vanquished.

Notes
Turn   | Place    | Note
--------------------------------------------------------------
     0 | D:1      | Fluffy, the Demonspawn Gladiator, began the quest for the Orb.
     0 | D:1      | Reached XP level 1. HP: 16/16 MP: 1/1
   161 | D:1      | Reached skill level 3 in Long Blades
   310 | D:1      | Gained mutation: Your flesh is cold resistant. [demonic ancestry]
   310 | D:1      | Reached XP level 2. HP: 22/22 MP: 2/2
   884 | D:2      | Reached XP level 3. HP: 14/27 MP: 3/3
  1057 | D:2      | Reached skill level 4 in Long Blades
  1466 | D:2      | Reached XP level 4. HP: 33/33 MP: 4/4
  1919 | D:2      | Noticed Crazy Yiuf
  1926 | D:2      | Killed Crazy Yiuf
  1926 | D:2      | Reached skill level 5 in Long Blades
  2214 | D:3      | Noticed Natasha
  2219 | D:3      | Killed Natasha
  2219 | D:3      | Gained mutation: You have a pair of small antennae on your head. [demonic ancestry]
  2219 | D:3      | Reached XP level 5. HP: 38/38 MP: 5/5
  2679 | D:3      | HP: 1/38 [poisoned by a kobold]
  3045 | D:3      | Noticed Natasha
  3050 | D:3      | Killed Natasha
  3120 | D:3      | Noticed Natasha
  3127 | D:3      | Killed Natasha
  3326 | D:3      | Noticed Ijyb
  3342 | D:3      | Killed Ijyb
  3501 | D:4      | Reached skill level 6 in Long Blades
  3686 | D:4      | Gained mutation: You have a pair of antennae on your head. [demonic ancestry]
  3686 | D:4      | Reached XP level 6. HP: 44/44 MP: 6/6
  4201 | D:4      | Noticed an ogre
  4207 | D:4      | Killed an ogre
  4207 | D:4      | Reached skill level 7 in Long Blades
  4356 | D:4      | Gained mutation: You are partially covered in thin metallic scales (AC +2). [demonic ancestry]
  4356 | D:4      | Reached XP level 7. HP: 40/50 MP: 7/7
  4443 | D:5      | Entered Level 5 of the Dungeon
  4973 | D:4      | Slain by an orc warrior

Action                   |  1- 3 |  4- 6 |  7- 9 || total
-------------------------+-------+-------+-------++-------
Melee: Long sword        |    77 |   160 |    25 ||   262
  Use: Scroll            |       |       |    11 ||    11
       Potion            |       |       |     3 ||     3
  Eat: Chunk             |     2 |     9 |     1 ||    12
